[ AOE2 MATCH · #505028318 ]
UnrankedGeorgians vs Malay
[ REPLAY ANALYSIS · EXTRACTED FROM THE RECORDED GAME ]
Feudal
12:36
Castle
28:56
Imperial
—
| APM avg | 43.8 |
| APM peak | 100 |
| eAPM avg | 22.2 |
| Villagers / military | 89 / 75 |
Focus
⚔️ 27.4% · 🌾 72.6%
Scout Cavalry ×63 · Knight ×7 · Spearman ×5
Feudal
11:49
Castle
24:41
Imperial
—
| APM avg | 30.5 |
| APM peak | 48 |
| eAPM avg | 16.9 |
| Villagers / military | 64 / 63 |
Focus
⚔️ 39.7% · 🌾 60.3%
Battle Elephant ×28 · Spearman ×24 · Scorpion ×6 · Battering Ram ×5
Feudal
14:07
Castle
20:08
Imperial
—
| APM avg | 35.2 |
| APM peak | 61 |
| eAPM avg | 18.0 |
| Villagers / military | 85 / 40 |
Focus
⚔️ 21.2% · 🌾 78.8%
War Wagon ×35 · Monk ×3 · Spearman ×2
Feudal
11:10
Castle
22:57
Imperial
38:38
| APM avg | 30.7 |
| APM peak | 84 |
| eAPM avg | 15.0 |
| Villagers / military | 102 / 64 |
Focus
⚔️ 28.5% · 🌾 71.5%
Steppe Lancer ×44 · Scout Cavalry ×20
Feudal
13:56
Castle
25:00
Imperial
—
| APM avg | 41.4 |
| APM peak | 66 |
| eAPM avg | 24.5 |
| Villagers / military | 82 / 26 |
Focus
⚔️ 31.0% · 🌾 69.0%
Spearman ×15 · Militia ×9 · Huskarl ×1 · Mangonel ×1
Feudal
11:35
Castle
—
Imperial
—
| APM avg | 25.6 |
| APM peak | 86 |
| eAPM avg | 10.9 |
| Villagers / military | 68 / 16 |
Focus
⚔️ 23.5% · 🌾 76.5%
Scout Cavalry ×12 · Spearman ×4
Match map
Initial resources + every placement click. Lines = walls · curves = elevation contours. ◆ gold · ⬟ stone · ● berries · ✦ relic · ◌ wall gap
Your base· Open — 12t gap
God Of The Sea People's base· Open — unwalled flank
LMG_SON SABANDIJAS's base· Open — unwalled flank
Sir Ottlas's base· Open — 12t gap
Kelly271888's base· Open — unwalled flank
LMG_Leonardo's base· Open — unwalled flank
Smoothed initial terrain · ◌ = detected wall gap · hover for details
Inputs per minute
— LMG_HERA DE TEMU - - God Of The Sea People
Build order — LMG_HERA DE TEMU
First 150 of 261 actions detected
| 0:24 | Build | Town Center |
| 0:28 | Build | House |
| 0:34 | Build | House |
| 2:58 | Queue | Villager (Male) |
| 2:58 | Queue | Villager (Male) |
| 2:58 | Queue | Villager (Male) |
| 2:58 | Queue | Villager (Male) |
| 2:59 | Queue | Villager (Male) |
| 2:59 | Queue | Villager (Male) |
| 2:59 | Queue | Villager (Male) |
| 4:04 | Queue | Villager (Male) |
| 4:04 | Queue | Villager (Male) |
| 4:04 | Queue | Villager (Male) |
| 4:04 | Queue | Villager (Male) |
| 4:29 | Research | Loom |
| 4:46 | Queue | Villager (Male) |
| 4:46 | Queue | Villager (Male) |
| 5:02 | Queue | Villager (Male) |
| 5:02 | Queue | Villager (Male) |
| 6:10 | Queue | Villager (Male) |
| 6:10 | Queue | Villager (Male) |
| 6:10 | Queue | Villager (Male) |
| 6:11 | Queue | Villager (Male) |
| 7:14 | Build | Mill |
| 7:29 | Build | House |
| 7:54 | Build | House |
| 7:54 | Queue | Villager (Male) |
| 7:55 | Queue | Villager (Male) |
| 7:55 | Queue | Villager (Male) |
| 8:18 | Queue | Villager (Male) |
| 8:18 | Queue | Villager (Male) |
| 9:51 | Queue | Villager (Male) |
| 10:09 | Build | House |
| 10:12 | Build | House |
| 10:26 | Research | Feudal Age |
| 11:23 | Build | Barracks |
| 11:29 | Queue | Villager (Male) |
| 11:30 | Queue | Villager (Male) |
| 12:27 | Queue | Villager (Male) |
| 12:36 | Age | Feudal Age |
| 12:38 | Build | Stable |
| 13:00 | Build | Palisade Gate |
| 13:06 | Research | Double-Bit Axe |
| 13:13 | Queue | Spearman |
| 13:13 | Queue | Spearman |
| 13:22 | Queue | Scout Cavalry |
| 13:22 | Queue | Scout Cavalry |
| 13:22 | Queue | Scout Cavalry |
| 13:32 | Build | Mill |
| 13:48 | Queue | Spearman |
| 13:48 | Queue | Spearman |
| 13:53 | Queue | Villager (Male) |
| 13:54 | Queue | Villager (Male) |
| 13:54 | Queue | Villager (Male) |
| 14:22 | Queue | Spearman |
| 14:30 | Build | House |
| 14:31 | Build | House |
| 14:32 | Build | House |
| 14:34 | Build | House |
| 14:46 | Research | Wheelbarrow |
| 15:11 | Queue | Scout Cavalry |
| 15:59 | Queue | Scout Cavalry |
| 15:59 | Queue | Scout Cavalry |
| 16:15 | Queue | Villager (Male) |
| 16:15 | Queue | Villager (Male) |
| 16:15 | Queue | Villager (Male) |
| 16:18 | Build | Blacksmith |
| 16:48 | Build | Stable |
| 17:12 | Queue | Villager (Male) |
| 17:12 | Queue | Villager (Male) |
| 17:13 | Queue | Villager (Male) |
| 17:39 | Research | Scale Barding Armor |
| 17:41 | Queue | Scout Cavalry |
| 17:41 | Queue | Scout Cavalry |
| 17:59 | Queue | Scout Cavalry |
| 17:59 | Queue | Scout Cavalry |
| 17:59 | Queue | Scout Cavalry |
| 18:12 | Build | Farm |
| 18:13 | Build | Farm |
| 18:13 | Build | Farm |
| 18:14 | Build | Farm |
| 18:18 | Queue | Villager (Male) |
| 18:18 | Queue | Villager (Male) |
| 18:18 | Queue | Villager (Male) |
| 18:31 | Queue | Scout Cavalry |
| 18:31 | Queue | Scout Cavalry |
| 18:43 | Queue | Villager (Male) |
| 18:44 | Queue | Villager (Male) |
| 19:12 | Queue | Scout Cavalry |
| 19:12 | Queue | Scout Cavalry |
| 19:13 | Queue | Scout Cavalry |
| 19:13 | Queue | Scout Cavalry |
| 19:21 | Build | Farm |
| 19:23 | Build | Farm |
| 19:26 | Build | Farm |
| 19:27 | Build | Farm |
| 19:32 | Queue | Villager (Male) |
| 19:33 | Queue | Villager (Male) |
| 19:37 | Build | Mill |
| 19:50 | Queue | Scout Cavalry |
| 19:51 | Queue | Scout Cavalry |
| 20:40 | Research | Forging |
| 20:43 | Queue | Villager (Male) |
| 20:43 | Queue | Villager (Male) |
| 20:43 | Queue | Villager (Male) |
| 20:47 | Queue | Villager (Male) |
| 20:47 | Queue | Villager (Male) |
| 22:25 | Queue | Scout Cavalry |
| 22:25 | Queue | Scout Cavalry |
| 22:25 | Queue | Scout Cavalry |
| 22:30 | Queue | Villager (Male) |
| 22:31 | Queue | Villager (Male) |
| 22:37 | Build | Mill |
| 24:09 | Build | Mule Cart |
| 24:11 | Queue | Villager (Male) |
| 24:11 | Queue | Villager (Male) |
| 24:11 | Queue | Villager (Male) |
| 24:13 | Queue | Villager (Male) |
| 24:41 | Build | House |
| 24:50 | Build | House |
| 24:55 | Build | House |
| 24:56 | Build | House |
| 25:07 | Build | Mill |
| 25:28 | Build | Market |
| 25:34 | Queue | Villager (Male) |
| 26:04 | Research | Castle Age |
| 26:09 | Build | Mule Cart |
| 26:49 | Research | Gold Mining |
| 27:20 | Research | Bloodlines |
| 27:24 | Build | Stable |
| 27:49 | Build | House |
| 28:30 | Build | Gate |
| 28:35 | Build | Stone Wall |
| 28:56 | Age | Castle Age |
| 29:03 | Research | Husbandry |
| 29:03 | Queue | Knight |
| 29:04 | Queue | Knight |
| 29:04 | Queue | Knight |
| 29:04 | Queue | Knight |
| 29:15 | Research | Iron Casting |
| 29:27 | Build | Town Center |
| 29:41 | Queue | Villager (Male) |
| 29:42 | Queue | Villager (Male) |
| 29:42 | Queue | Villager (Male) |
| 29:57 | Queue | Knight |
| 29:58 | Queue | Knight |
| 29:58 | Queue | Knight |
| 31:12 | Queue | Villager (Male) |
| 31:13 | Queue | Villager (Male) |
| 31:13 | Queue | Villager (Male) |
Build order — God Of The Sea People
First 150 of 251 actions detected
| 1:40 | Build | Town Center |
| 3:32 | Queue | Villager (Male) |
| 3:32 | Queue | Villager (Male) |
| 3:32 | Queue | Villager (Male) |
| 3:44 | Build | House |
| 3:45 | Build | House |
| 3:58 | Build | House |
| 3:59 | Build | House |
| 4:02 | Build | House |
| 4:06 | Build | House |
| 4:10 | Build | House |
| 4:16 | Build | House |
| 4:16 | Build | House |
| 4:18 | Queue | Villager (Male) |
| 5:11 | Queue | Villager (Male) |
| 5:22 | Build | House |
| 5:28 | Research | Loom |
| 5:46 | Queue | Villager (Male) |
| 5:57 | Queue | Villager (Male) |
| 6:53 | Queue | Villager (Male) |
| 7:18 | Queue | Villager (Male) |
| 7:38 | Build | Mill |
| 7:51 | Queue | Villager (Male) |
| 8:00 | Queue | Villager (Male) |
| 8:38 | Queue | Villager (Male) |
| 9:06 | Queue | Villager (Male) |
| 9:26 | Queue | Villager (Male) |
| 9:42 | Queue | Villager (Male) |
| 9:57 | Build | Mining Camp |
| 10:01 | Build | Lumber Camp |
| 10:05 | Queue | Villager (Male) |
| 10:31 | Research | Feudal Age |
| 11:14 | Build | Palisade Wall |
| 11:24 | Build | Palisade Wall |
| 11:25 | Build | Palisade Wall |
| 11:26 | Build | Palisade Wall |
| 11:27 | Build | Palisade Wall |
| 11:49 | Age | Feudal Age |
| 11:51 | Research | Double-Bit Axe |
| 11:54 | Research | Horse Collar |
| 12:00 | Queue | Villager (Male) |
| 12:36 | Queue | Villager (Male) |
| 12:42 | Build | Barracks |
| 12:44 | Build | Palisade Wall |
| 12:45 | Build | Palisade Wall |
| 12:45 | Build | Palisade Wall |
| 12:46 | Build | Palisade Wall |
| 12:46 | Build | Palisade Wall |
| 12:46 | Build | Palisade Wall |
| 12:47 | Build | Palisade Wall |
| 12:56 | Build | Gate |
| 12:58 | Queue | Villager (Male) |
| 13:02 | Build | Palisade Wall |
| 13:02 | Build | Palisade Wall |
| 13:03 | Build | Palisade Wall |
| 13:03 | Build | Palisade Wall |
| 13:18 | Queue | Villager (Male) |
| 13:27 | Build | Palisade Wall |
| 13:29 | Build | Gate |
| 13:40 | Build | Palisade Wall |
| 13:44 | Queue | Spearman |
| 13:52 | Build | Farm |
| 13:53 | Build | Farm |
| 13:57 | Build | Farm |
| 13:59 | Build | Farm |
| 14:15 | Build | Farm |
| 14:16 | Queue | Villager (Male) |
| 14:34 | Queue | Spearman |
| 15:01 | Build | Farm |
| 15:02 | Build | Farm |
| 15:05 | Build | House |
| 15:07 | Queue | Villager (Male) |
| 15:15 | Build | House |
| 15:17 | Queue | Villager (Male) |
| 15:34 | Build | House |
| 15:34 | Build | House |
| 15:37 | Build | House |
| 15:41 | Build | House |
| 15:50 | Queue | Spearman |
| 16:11 | Build | Mining Camp |
| 16:22 | Queue | Spearman |
| 16:35 | Queue | Villager (Male) |
| 16:38 | Build | House |
| 16:38 | Build | House |
| 16:53 | Build | Farm |
| 16:58 | Build | Mill |
| 17:01 | Queue | Villager (Male) |
| 17:12 | Build | Farm |
| 17:25 | Build | House |
| 17:28 | Build | House |
| 17:31 | Build | Stone Wall |
| 17:31 | Build | Stone Wall |
| 17:35 | Queue | Spearman |
| 17:52 | Queue | Villager (Male) |
| 17:56 | Build | Farm |
| 18:02 | Build | Market |
| 18:05 | Queue | Villager (Male) |
| 18:35 | Queue | Spearman |
| 18:35 | Queue | Spearman |
| 18:45 | Queue | Villager (Male) |
| 18:49 | Queue | Villager (Male) |
| 18:53 | Build | Blacksmith |
| 18:56 | Build | House |
| 19:02 | Build | Stone Wall |
| 19:20 | Queue | Spearman |
| 19:30 | Build | Stone Wall |
| 19:34 | Research | Wheelbarrow |
| 19:43 | Build | Lumber Camp |
| 19:46 | Build | Farm |
| 20:00 | Queue | Villager (Male) |
| 20:17 | Build | Farm |
| 20:21 | Build | Farm |
| 20:22 | Build | Farm |
| 20:42 | Queue | Villager (Male) |
| 20:44 | Build | Farm |
| 21:49 | Queue | Villager (Male) |
| 21:50 | Queue | Villager (Male) |
| 22:30 | Build | Farm |
| 22:31 | Build | Farm |
| 22:31 | Build | Farm |
| 23:05 | Research | Castle Age |
| 23:11 | Build | Stable |
| 23:13 | Build | Stable |
| 23:17 | Build | Stable |
| 24:04 | Research | Gold Mining |
| 24:41 | Age | Castle Age |
| 24:48 | Research | Pikeman (upgrade) |
| 25:01 | Research | Squires |
| 25:10 | Queue | Villager (Male) |
| 25:18 | Queue | Villager (Male) |
| 25:24 | Queue | Villager (Male) |
| 25:42 | Research | Forging |
| 25:47 | Research | Bow Saw |
| 25:56 | Queue | Villager (Male) |
| 26:11 | Queue | Villager (Male) |
| 26:18 | Queue | Spearman |
| 26:19 | Queue | Spearman |
| 26:19 | Queue | Spearman |
| 26:19 | Queue | Spearman |
| 26:35 | Queue | Villager (Male) |
| 26:37 | Queue | Battle Elephant |
| 26:37 | Queue | Battle Elephant |
| 27:07 | Research | Heavy Plow |
| 27:13 | Research | Gold Shaft Mining |
| 27:30 | Queue | Villager (Male) |
| 28:13 | Queue | Battle Elephant |
| 28:13 | Queue | Battle Elephant |
| 28:13 | Queue | Battle Elephant |
| 28:21 | Build | Siege Workshop |
| 28:23 | Build | Siege Workshop |
Build order — LMG_SON SABANDIJAS
First 150 of 188 actions detected
| 0:29 | Build | Town Center |
| 2:55 | Build | House |
| 3:00 | Queue | Villager (Male) |
| 3:00 | Queue | Villager (Male) |
| 3:00 | Queue | Villager (Male) |
| 3:01 | Queue | Villager (Male) |
| 4:07 | Queue | Villager (Male) |
| 4:07 | Queue | Villager (Male) |
| 4:08 | Queue | Villager (Male) |
| 5:10 | Build | Lumber Camp |
| 5:16 | Queue | Villager (Male) |
| 5:17 | Queue | Villager (Male) |
| 5:17 | Queue | Villager (Male) |
| 5:17 | Queue | Villager (Male) |
| 5:22 | Research | Loom |
| 5:25 | Build | House |
| 5:55 | Queue | Villager (Male) |
| 5:55 | Queue | Villager (Male) |
| 5:55 | Queue | Villager (Male) |
| 6:00 | Build | House |
| 6:08 | Queue | Villager (Male) |
| 6:08 | Queue | Villager (Male) |
| 6:09 | Queue | Villager (Male) |
| 6:33 | Queue | Villager (Male) |
| 6:34 | Queue | Villager (Male) |
| 6:36 | Build | House |
| 6:51 | Queue | Villager (Male) |
| 7:38 | Queue | Villager (Male) |
| 7:38 | Queue | Villager (Male) |
| 7:38 | Queue | Villager (Male) |
| 7:59 | Queue | Villager (Male) |
| 8:00 | Queue | Villager (Male) |
| 8:00 | Queue | Villager (Male) |
| 8:16 | Build | Mill |
| 8:23 | Queue | Villager (Male) |
| 8:23 | Queue | Villager (Male) |
| 9:11 | Queue | Villager (Male) |
| 9:11 | Queue | Villager (Male) |
| 9:29 | Queue | Villager (Male) |
| 9:56 | Queue | Villager (Male) |
| 10:20 | Build | Mining Camp |
| 10:51 | Queue | Villager (Male) |
| 11:51 | Research | Feudal Age |
| 11:51 | Research | Feudal Age |
| 12:11 | Build | House |
| 12:28 | Build | Palisade Gate |
| 12:35 | Queue | Villager (Male) |
| 12:42 | Build | House |
| 12:44 | Build | Palisade Wall |
| 12:45 | Build | Palisade Wall |
| 12:53 | Queue | Villager (Male) |
| 12:53 | Queue | Villager (Male) |
| 13:00 | Build | House |
| 13:09 | Build | Barracks |
| 13:12 | Queue | Villager (Male) |
| 13:53 | Queue | Villager (Male) |
| 14:07 | Age | Feudal Age |
| 14:16 | Build | House |
| 14:25 | Build | Stable |
| 14:27 | Queue | Villager (Male) |
| 14:27 | Queue | Villager (Male) |
| 14:48 | Build | Blacksmith |
| 14:51 | Queue | Villager (Male) |
| 15:10 | Build | Market |
| 15:16 | Queue | Villager (Male) |
| 16:21 | Build | Mining Camp |
| 16:37 | Build | Mining Camp |
| 17:28 | Research | Castle Age |
| 17:29 | Research | Castle Age |
| 17:29 | Research | Castle Age |
| 18:03 | Queue | Spearman |
| 18:25 | Research | Double-Bit Axe |
| 18:33 | Queue | Villager (Male) |
| 18:56 | Research | Stone Mining |
| 18:59 | Research | Horse Collar |
| 19:10 | Queue | Spearman |
| 19:28 | Queue | Villager (Male) |
| 19:56 | Queue | Villager (Male) |
| 19:56 | Queue | Villager (Male) |
| 20:08 | Age | Castle Age |
| 20:28 | Build | Castle |
| 21:18 | Queue | Villager (Male) |
| 21:19 | Queue | Villager (Male) |
| 21:23 | Build | Town Center |
| 21:37 | Build | Mining Camp |
| 21:51 | Queue | War Wagon |
| 21:51 | Queue | War Wagon ×5 |
| 22:28 | Queue | War Wagon |
| 22:28 | Queue | War Wagon |
| 23:00 | Queue | Villager (Male) |
| 23:00 | Queue | Villager (Male) |
| 23:00 | Queue | Villager (Male) |
| 23:00 | Queue | Villager (Male) |
| 23:22 | Queue | Villager (Male) |
| 23:22 | Queue | Villager (Male) |
| 23:22 | Queue | Villager (Male) |
| 23:24 | Queue | War Wagon |
| 23:44 | Queue | Villager (Male) |
| 23:46 | Queue | Villager (Male) |
| 23:46 | Queue | Villager (Male) |
| 23:53 | Queue | War Wagon |
| 23:54 | Queue | War Wagon |
| 24:18 | Build | Farm |
| 24:38 | Build | Farm |
| 24:39 | Build | Farm |
| 24:39 | Queue | Villager (Male) |
| 24:48 | Build | Farm |
| 25:19 | Queue | War Wagon |
| 25:19 | Queue | War Wagon |
| 25:33 | Queue | War Wagon |
| 26:12 | Queue | War Wagon |
| 26:12 | Queue | War Wagon |
| 26:14 | Queue | Villager (Male) |
| 26:14 | Queue | Villager (Male) |
| 26:41 | Queue | War Wagon |
| 26:42 | Queue | War Wagon |
| 26:58 | Build | Farm |
| 27:35 | Build | Farm |
| 27:47 | Queue | Villager (Male) |
| 27:48 | Queue | Villager (Male) |
| 27:48 | Queue | Villager (Male) |
| 27:53 | Queue | Villager (Male) |
| 27:54 | Queue | Villager (Male) |
| 27:57 | Build | Farm |
| 27:57 | Build | Farm |
| 27:58 | Queue | Villager (Male) |
| 28:01 | Research | Heavy Plow |
| 28:01 | Research | Bow Saw |
| 28:19 | Queue | War Wagon |
| 28:19 | Queue | War Wagon |
| 28:19 | Queue | War Wagon |
| 28:36 | Research | Forging |
| 28:36 | Research | Forging |
| 28:37 | Research | Forging |
| 28:50 | Queue | War Wagon |
| 28:51 | Queue | War Wagon |
| 28:51 | Queue | War Wagon |
| 28:51 | Queue | War Wagon |
| 29:02 | Queue | Villager (Male) |
| 29:03 | Queue | Villager (Male) |
| 29:03 | Queue | Villager (Male) |
| 29:03 | Queue | Villager (Male) |
| 29:06 | Build | Mining Camp |
| 29:06 | Queue | Villager (Male) |
| 29:07 | Queue | Villager (Male) |
| 29:28 | Research | Iron Casting |
| 29:28 | Research | Iron Casting |
| 29:50 | Queue | War Wagon |
| 29:51 | Queue | War Wagon |
| 29:51 | Queue | War Wagon |
Build order — Sir Ottlas
First 150 of 264 actions detected
| 0:05 | Build | Town Center |
| 1:17 | Build | House |
| 2:20 | Queue | Villager (Male) |
| 2:21 | Queue | Villager (Male) |
| 2:21 | Queue | Villager (Male) |
| 2:21 | Queue | Villager (Male) |
| 2:21 | Queue | Villager (Male) |
| 3:34 | Queue | Villager (Male) |
| 4:01 | Queue | Villager (Male) |
| 4:13 | Queue | Villager (Male) |
| 4:13 | Queue | Villager (Male) |
| 4:15 | Build | Lumber Camp |
| 4:27 | Build | House |
| 5:11 | Queue | Villager (Male) |
| 5:11 | Queue | Villager (Male) |
| 5:51 | Build | House |
| 5:55 | Queue | Villager (Male) |
| 6:03 | Queue | Villager (Male) |
| 6:38 | Queue | Villager (Male) |
| 6:39 | Queue | Villager (Male) |
| 6:43 | Build | Mill |
| 7:24 | Queue | Villager (Male) |
| 7:29 | Queue | Villager (Male) |
| 7:29 | Queue | Villager (Male) |
| 7:40 | Research | Loom |
| 8:56 | Research | Feudal Age |
| 9:21 | Queue | Villager (Male) |
| 9:30 | Build | Barracks |
| 9:33 | Queue | Villager (Male) |
| 10:04 | Build | House |
| 10:21 | Queue | Villager (Male) |
| 11:10 | Age | Feudal Age |
| 11:36 | Build | Stable |
| 11:51 | Queue | Villager (Male) |
| 12:00 | Research | Double-Bit Axe |
| 12:16 | Queue | Scout Cavalry |
| 12:17 | Queue | Scout Cavalry |
| 12:20 | Build | Blacksmith |
| 12:29 | Build | House |
| 12:39 | Queue | Villager (Male) |
| 13:05 | Queue | Villager (Male) |
| 13:13 | Research | Forging |
| 13:16 | Queue | Scout Cavalry |
| 13:21 | Build | House |
| 13:29 | Queue | Villager (Male) |
| 13:41 | Build | Mill |
| 13:48 | Queue | Villager (Male) |
| 14:05 | Queue | Villager (Male) |
| 14:06 | Queue | Scout Cavalry |
| 14:17 | Queue | Scout Cavalry |
| 14:33 | Queue | Villager (Male) |
| 15:05 | Queue | Scout Cavalry |
| 15:05 | Queue | Villager (Male) |
| 15:21 | Queue | Villager (Male) |
| 15:34 | Queue | Scout Cavalry |
| 15:45 | Build | Mining Camp |
| 16:05 | Queue | Villager (Male) |
| 16:10 | Build | House |
| 16:11 | Build | House |
| 16:12 | Build | House |
| 16:15 | Queue | Scout Cavalry |
| 16:35 | Build | Farm |
| 16:35 | Build | Farm |
| 16:35 | Build | Farm |
| 16:36 | Build | Farm |
| 16:38 | Queue | Villager (Male) |
| 16:40 | Queue | Villager (Male) |
| 16:42 | Queue | Scout Cavalry |
| 16:55 | Queue | Villager (Male) |
| 16:59 | Queue | Scout Cavalry |
| 17:26 | Research | Bloodlines |
| 17:28 | Queue | Villager (Male) |
| 17:50 | Queue | Villager (Male) |
| 17:52 | Queue | Scout Cavalry |
| 17:55 | Build | House |
| 17:56 | Build | House |
| 18:01 | Build | Farm |
| 18:05 | Build | Farm |
| 18:11 | Queue | Villager (Male) |
| 18:14 | Queue | Scout Cavalry |
| 19:09 | Queue | Villager (Male) |
| 19:15 | Queue | Villager (Male) |
| 20:17 | Research | Castle Age |
| 20:31 | Queue | Villager (Male) |
| 20:40 | Build | Stable |
| 20:47 | Queue | Scout Cavalry |
| 20:48 | Queue | Villager (Male) |
| 20:52 | Queue | Scout Cavalry |
| 20:57 | Build | Farm |
| 21:00 | Build | Farm |
| 21:01 | Build | Farm |
| 21:05 | Research | Horse Collar |
| 21:07 | Queue | Scout Cavalry |
| 21:26 | Queue | Villager (Male) |
| 21:42 | Build | Mill |
| 21:51 | Queue | Scout Cavalry |
| 21:51 | Queue | Scout Cavalry |
| 22:05 | Queue | Scout Cavalry |
| 22:05 | Queue | Scout Cavalry |
| 22:29 | Research | Scale Barding Armor |
| 22:52 | Queue | Scout Cavalry |
| 22:53 | Queue | Villager (Male) |
| 22:57 | Age | Castle Age |
| 23:07 | Research | Light Cavalry (upgrade) |
| 23:11 | Queue | Steppe Lancer |
| 23:32 | Build | Town Center |
| 23:33 | Queue | Villager (Male) |
| 23:37 | Research | Bow Saw |
| 23:37 | Research | Bow Saw |
| 23:53 | Build | Farm |
| 23:55 | Build | Farm |
| 23:59 | Queue | Steppe Lancer |
| 24:01 | Queue | Villager (Male) |
| 24:15 | Queue | Villager (Male) |
| 24:19 | Queue | Steppe Lancer |
| 24:38 | Queue | Steppe Lancer |
| 25:03 | Queue | Steppe Lancer |
| 25:03 | Queue | Steppe Lancer |
| 25:20 | Queue | Steppe Lancer |
| 25:21 | Queue | Steppe Lancer |
| 25:21 | Queue | Villager (Male) |
| 25:26 | Build | Farm |
| 25:27 | Build | Farm |
| 25:27 | Build | Farm |
| 25:27 | Build | Farm |
| 25:41 | Queue | Steppe Lancer |
| 25:41 | Queue | Steppe Lancer |
| 25:56 | Queue | Steppe Lancer |
| 26:04 | Queue | Villager (Male) |
| 26:04 | Queue | Villager (Male) |
| 26:16 | Queue | Steppe Lancer |
| 26:31 | Queue | Villager (Male) |
| 26:32 | Queue | Villager (Male) |
| 26:38 | Build | House |
| 26:39 | Build | House |
| 26:39 | Build | House |
| 26:40 | Build | House |
| 26:47 | Research | Wheelbarrow |
| 27:02 | Queue | Steppe Lancer |
| 27:03 | Queue | Steppe Lancer |
| 27:33 | Queue | Villager (Male) |
| 27:33 | Queue | Villager (Male) |
| 27:41 | Queue | Villager (Male) |
| 28:03 | Build | Town Center |
| 28:29 | Queue | Villager (Male) |
| 28:32 | Research | Husbandry |
| 28:37 | Queue | Villager (Male) |
| 28:38 | Queue | Villager (Male) |
| 28:59 | Queue | Villager (Male) |
| 29:00 | Queue | Villager (Male) |
Build order — Kelly271888
First 150 of 203 actions detected
| 0:34 | Build | Town Center |
| 1:41 | Build | Lumber Camp |
| 1:59 | Build | House |
| 2:59 | Queue | Villager (Male) |
| 2:59 | Queue | Villager (Male) |
| 2:59 | Queue | Villager (Male) |
| 3:00 | Queue | Villager (Male) |
| 3:00 | Queue | Villager (Male) |
| 3:43 | Queue | Villager (Male) |
| 3:44 | Queue | Villager (Male) |
| 3:51 | Queue | Villager (Male) |
| 3:52 | Queue | Villager (Male) |
| 4:10 | Research | Loom |
| 4:11 | Queue | Villager (Male) |
| 4:11 | Queue | Villager (Male) |
| 4:11 | Queue | Villager (Male) |
| 4:30 | Build | House |
| 4:39 | Queue | Villager (Male) |
| 4:40 | Queue | Villager (Male) |
| 4:45 | Build | House |
| 5:02 | Queue | Villager (Male) |
| 5:03 | Queue | Villager (Male) |
| 5:54 | Queue | Villager (Male) |
| 5:55 | Queue | Villager (Male) |
| 5:55 | Queue | Villager (Male) |
| 6:30 | Queue | Villager (Male) |
| 6:30 | Queue | Villager (Male) |
| 6:57 | Build | House |
| 7:07 | Queue | Villager (Male) |
| 7:08 | Queue | Villager (Male) |
| 7:17 | Queue | Villager (Male) |
| 7:18 | Queue | Villager (Male) |
| 7:18 | Queue | Villager (Male) |
| 7:38 | Queue | Villager (Male) |
| 7:38 | Queue | Villager (Male) |
| 8:05 | Queue | Villager (Male) |
| 8:05 | Queue | Villager (Male) |
| 8:27 | Queue | Villager (Male) |
| 8:40 | Queue | Villager (Male) |
| 8:40 | Queue | Villager (Male) |
| 8:48 | Build | House |
| 8:52 | Build | House |
| 9:08 | Build | House |
| 9:16 | Queue | Villager (Male) |
| 9:31 | Build | House |
| 9:42 | Queue | Villager (Male) |
| 9:57 | Build | House |
| 10:43 | Build | Palisade Gate |
| 11:01 | Build | Mill |
| 11:15 | Queue | Villager (Male) |
| 11:19 | Build | Mining Camp |
| 11:46 | Research | Feudal Age |
| 11:46 | Research | Feudal Age |
| 11:46 | Research | Feudal Age |
| 12:04 | Build | Barracks |
| 12:28 | Queue | Villager (Male) |
| 12:39 | Build | Palisade Gate |
| 13:02 | Queue | Militia |
| 13:02 | Queue | Militia |
| 13:03 | Queue | Militia |
| 13:03 | Queue | Militia |
| 13:10 | Build | House |
| 13:13 | Build | Palisade Wall |
| 13:14 | Build | Palisade Wall |
| 13:17 | Build | Palisade Wall |
| 13:21 | Queue | Villager (Male) |
| 13:28 | Build | Farm |
| 13:47 | Build | Palisade Wall |
| 13:56 | Age | Feudal Age |
| 14:01 | Queue | Spearman |
| 14:04 | Research | Man-at-Arms (upgrade) |
| 14:04 | Research | Man-at-Arms (upgrade) |
| 14:25 | Build | Palisade Gate |
| 14:40 | Build | Palisade Wall |
| 14:50 | Build | Palisade Wall |
| 15:32 | Queue | Spearman |
| 15:36 | Queue | Villager (Male) |
| 15:53 | Queue | Militia |
| 15:53 | Queue | Militia |
| 16:13 | Queue | Militia |
| 16:15 | Queue | Villager (Male) |
| 16:31 | Queue | Villager (Male) |
| 16:34 | Build | Blacksmith |
| 16:35 | Queue | Villager (Male) |
| 16:39 | Build | Mining Camp |
| 17:12 | Build | House |
| 17:13 | Build | House |
| 17:17 | Queue | Villager (Male) |
| 17:19 | Build | House |
| 17:36 | Queue | Villager (Male) |
| 17:52 | Queue | Villager (Male) |
| 17:52 | Queue | Villager (Male) |
| 17:54 | Build | House |
| 18:15 | Build | Farm |
| 18:16 | Build | Farm |
| 18:17 | Build | Farm |
| 18:20 | Build | Farm |
| 18:50 | Queue | Villager (Male) |
| 19:37 | Queue | Spearman |
| 19:49 | Research | Forging |
| 19:51 | Queue | Villager (Male) |
| 19:55 | Queue | Spearman |
| 20:39 | Build | Market |
| 20:57 | Build | Farm |
| 20:59 | Build | Farm |
| 20:59 | Build | Farm |
| 21:00 | Build | Farm |
| 21:18 | Queue | Militia |
| 21:19 | Queue | Militia |
| 22:20 | Research | Castle Age |
| 22:21 | Research | Castle Age |
| 22:23 | Build | Farm |
| 23:05 | Build | Farm |
| 23:12 | Research | Horse Collar |
| 23:16 | Research | Double-Bit Axe |
| 23:16 | Research | Double-Bit Axe |
| 23:29 | Queue | Villager (Male) |
| 23:43 | Research | Scale Mail Armor |
| 23:43 | Research | Scale Mail Armor |
| 23:51 | Queue | Villager (Male) |
| 24:17 | Queue | Spearman |
| 24:56 | Queue | Villager (Male) |
| 25:00 | Age | Castle Age |
| 25:06 | Build | Castle |
| 25:20 | Queue | Villager (Male) |
| 25:32 | Research | Long Swordsman (upgrade) |
| 25:32 | Research | Long Swordsman (upgrade) |
| 25:32 | Research | Squires |
| 26:39 | Queue | Villager (Male) |
| 26:47 | Research | Town Watch |
| 26:47 | Research | Town Watch |
| 26:48 | Queue | Villager (Male) |
| 26:56 | Queue | Villager (Male) |
| 27:10 | Queue | Villager (Male) |
| 27:29 | Queue | Villager (Male) |
| 27:48 | Build | Town Center |
| 27:57 | Queue | Villager (Male) |
| 28:19 | Queue | Villager (Male) |
| 28:37 | Build | Town Center |
| 29:07 | Queue | Villager (Male) |
| 29:07 | Queue | Villager (Male) |
| 29:13 | Build | Mining Camp |
| 29:49 | Research | Pikeman (upgrade) |
| 29:49 | Research | Pikeman (upgrade) |
| 29:57 | Queue | Villager (Male) |
| 30:01 | Build | Siege Workshop |
| 30:22 | Queue | Villager (Male) |
| 30:23 | Queue | Villager (Male) |
| 30:37 | Queue | Villager (Male) |
| 30:51 | Build | Siege Workshop |
Build order — LMG_Leonardo
130 actions detected in the replay
| 0:10 | Build | Town Center |
| 0:21 | Build | House |
| 1:49 | Build | House |
| 2:33 | Build | House |
| 2:42 | Queue | Villager (Male) |
| 2:42 | Queue | Villager (Male) |
| 2:42 | Queue | Villager (Male) |
| 2:42 | Queue | Villager (Male) |
| 2:42 | Queue | Villager (Male) |
| 2:46 | Build | House |
| 3:04 | Build | House |
| 4:19 | Queue | Villager (Male) |
| 4:19 | Queue | Villager (Male) |
| 4:38 | Queue | Villager (Male) |
| 4:38 | Queue | Villager (Male) |
| 5:02 | Build | Lumber Camp |
| 5:12 | Queue | Villager (Male) |
| 5:12 | Queue | Villager (Male) |
| 5:12 | Queue | Villager (Male) |
| 5:13 | Queue | Villager (Male) |
| 5:29 | Build | House |
| 5:51 | Queue | Villager (Male) |
| 5:51 | Queue | Villager (Male) |
| 6:01 | Build | House |
| 6:02 | Build | House |
| 6:27 | Queue | Villager (Male) |
| 6:28 | Queue | Villager (Male) |
| 6:28 | Queue | Villager (Male) |
| 6:54 | Queue | Villager (Male) |
| 6:54 | Queue | Villager (Male) |
| 6:55 | Queue | Villager (Male) |
| 7:43 | Build | Mill |
| 8:00 | Queue | Villager (Male) |
| 8:01 | Research | Loom |
| 9:00 | Queue | Villager (Male) |
| 9:24 | Research | Feudal Age |
| 9:24 | Research | Feudal Age |
| 10:08 | Build | Barracks |
| 10:10 | Build | House |
| 10:31 | Build | Palisade Gate |
| 10:57 | Queue | Villager (Male) |
| 10:57 | Queue | Villager (Male) |
| 11:35 | Age | Feudal Age |
| 11:39 | Build | Stable |
| 11:44 | Research | Double-Bit Axe |
| 11:51 | Queue | Villager (Male) |
| 12:25 | Build | Stable |
| 12:26 | Queue | Scout Cavalry |
| 12:27 | Queue | Scout Cavalry |
| 12:38 | Build | House |
| 12:39 | Build | Palisade Wall |
| 12:44 | Queue | Villager (Male) |
| 12:45 | Queue | Villager (Male) |
| 13:07 | Queue | Villager (Male) |
| 13:08 | Queue | Scout Cavalry |
| 13:08 | Queue | Scout Cavalry |
| 13:41 | Queue | Scout Cavalry |
| 13:41 | Queue | Scout Cavalry |
| 14:08 | Queue | Villager (Male) |
| 14:08 | Queue | Villager (Male) |
| 14:09 | Queue | Villager (Male) |
| 14:30 | Queue | Scout Cavalry |
| 14:31 | Queue | Scout Cavalry |
| 14:31 | Queue | Scout Cavalry |
| 15:12 | Queue | Villager (Male) |
| 15:12 | Queue | Villager (Male) |
| 15:35 | Queue | Villager (Male) |
| 15:35 | Queue | Villager (Male) |
| 15:47 | Queue | Scout Cavalry |
| 15:47 | Queue | Scout Cavalry |
| 15:48 | Queue | Scout Cavalry |
| 16:08 | Queue | Villager (Male) |
| 16:08 | Queue | Villager (Male) |
| 16:12 | Build | Blacksmith |
| 16:17 | Build | Farm |
| 16:18 | Build | Farm |
| 16:18 | Build | Farm |
| 16:40 | Build | Watch Tower |
| 16:57 | Queue | Villager (Male) |
| 16:57 | Queue | Villager (Male) |
| 17:17 | Queue | Villager (Male) |
| 17:17 | Queue | Villager (Male) |
| 17:18 | Queue | Villager (Male) |
| 17:53 | Queue | Villager (Male) |
| 17:54 | Queue | Villager (Male) |
| 18:01 | Build | Lumber Camp |
| 18:17 | Build | Mill |
| 18:38 | Queue | Spearman |
| 18:38 | Queue | Spearman |
| 18:38 | Queue | Spearman |
| 18:38 | Queue | Spearman |
| 19:21 | Build | House |
| 19:30 | Build | Palisade Wall |
| 19:32 | Build | Palisade Wall |
| 19:52 | Queue | Villager (Male) |
| 19:52 | Queue | Villager (Male) |
| 19:53 | Queue | Villager (Male) |
| 20:30 | Queue | Villager (Male) |
| 20:30 | Queue | Villager (Male) |
| 20:37 | Build | Mining Camp |
| 21:09 | Queue | Villager (Male) |
| 21:09 | Queue | Villager (Male) |
| 21:52 | Build | House |
| 21:54 | Build | Palisade Wall |
| 21:57 | Build | House |
| 21:58 | Build | Palisade Wall |
| 22:07 | Queue | Villager (Male) |
| 22:07 | Queue | Villager (Male) |
| 23:10 | Queue | Villager (Male) |
| 23:21 | Build | Mill |
| 24:04 | Build | House |
| 24:09 | Queue | Villager (Male) |
| 24:09 | Queue | Villager (Male) |
| 24:50 | Queue | Villager (Male) |
| 24:51 | Queue | Villager (Male) |
| 25:07 | Queue | Villager (Male) |
| 25:07 | Queue | Villager (Male) |
| 25:07 | Queue | Villager (Male) |
| 25:12 | Build | Farm |
| 25:39 | Build | Farm |
| 25:55 | Queue | Villager (Male) |
| 25:55 | Queue | Villager (Male) |
| 25:55 | Queue | Villager (Male) |
| 26:10 | Queue | Villager (Male) |
| 26:10 | Queue | Villager (Male) |
| 26:11 | Queue | Villager (Male) |
| 29:08 | Build | Mining Camp |
| 30:24 | Build | Market |
| 30:29 | Build | Blacksmith |
| 31:31 | Build | Town Center |
Match timeline
| 9:30 | Sir Ottlas · first_building Barracks |
| 10:08 | LMG_Leonardo · first_building Barracks |
| 11:10 | Sir Ottlas · age_up feudal |
| 11:14 | God Of The Sea People · wall_segment Palisade Wall x12 |
| 11:23 | LMG_HERA DE TEMU · first_building Barracks |
| 11:24 | God Of The Sea People · wall_segment Palisade Wall x6 |
| 11:25 | God Of The Sea People · wall_segment Palisade Wall x1 |
| 11:26 | God Of The Sea People · wall_segment Palisade Wall x1 |
| 11:27 | God Of The Sea People · wall_segment Palisade Wall x1 |
| 11:35 | LMG_Leonardo · age_up feudal |
| 11:36 | Sir Ottlas · first_building Stable |
| 11:39 | LMG_Leonardo · first_building Stable |
| 11:49 | God Of The Sea People · age_up feudal |
| 12:04 | Kelly271888 · first_building Barracks |
| 12:36 | LMG_HERA DE TEMU · age_up feudal |
| 12:38 | LMG_HERA DE TEMU · first_building Stable |
| 12:39 | LMG_Leonardo · wall_segment Palisade Wall x1 |
| 12:42 | God Of The Sea People · first_building Barracks |
| 12:44 | God Of The Sea People · wall_segment Palisade Wall x1 |
| 12:44 | LMG_SON SABANDIJAS · wall_segment Palisade Wall x1 |
| 12:45 | God Of The Sea People · wall_segment Palisade Wall x1 |
| 12:45 | God Of The Sea People · wall_segment Palisade Wall x1 |
| 12:45 | LMG_SON SABANDIJAS · wall_segment Palisade Wall x1 |
| 12:46 | God Of The Sea People · wall_segment Palisade Wall x1 |
| 12:46 | God Of The Sea People · wall_segment Palisade Wall x2 |
| 12:46 | God Of The Sea People · wall_segment Palisade Wall x1 |
| 12:47 | God Of The Sea People · wall_segment Palisade Wall x1 |
| 13:02 | God Of The Sea People · wall_segment Palisade Wall x1 |
| 13:02 | God Of The Sea People · wall_segment Palisade Wall x1 |
| 13:03 | God Of The Sea People · wall_segment Palisade Wall x2 |
| 13:03 | God Of The Sea People · wall_segment Palisade Wall x1 |
| 13:09 | LMG_SON SABANDIJAS · first_building Barracks |
| 13:13 | Kelly271888 · wall_segment Palisade Wall x1 |
| 13:14 | Kelly271888 · wall_segment Palisade Wall x1 |
| 13:17 | Kelly271888 · wall_segment Palisade Wall x1 |
| 13:27 | God Of The Sea People · wall_segment Palisade Wall x20 |
| 13:40 | God Of The Sea People · wall_segment Palisade Wall x1 |
| 13:47 | Kelly271888 · wall_segment Palisade Wall x5 |
| 13:56 | Kelly271888 · age_up feudal |
| 14:07 | LMG_SON SABANDIJAS · age_up feudal |
| 14:25 | LMG_SON SABANDIJAS · first_building Stable |
| 14:40 | Kelly271888 · wall_segment Palisade Wall x1 |
| 14:50 | Kelly271888 · wall_segment Palisade Wall x1 |
| 17:27 | LMG_SON SABANDIJAS · first_market_sell 100 wood |
| 17:31 | God Of The Sea People · wall_segment Stone Wall x1 |
| 17:31 | God Of The Sea People · wall_segment Stone Wall x1 |
| 19:02 | God Of The Sea People · wall_segment Stone Wall x1 |
| 19:30 | LMG_Leonardo · wall_segment Palisade Wall x3 |
| 19:30 | God Of The Sea People · wall_segment Stone Wall x1 |
| 19:32 | LMG_Leonardo · wall_segment Palisade Wall x4 |
| 19:55 | LMG_SON SABANDIJAS · first_market_buy 100 food |
| 20:08 | LMG_SON SABANDIJAS · age_up castle |
| 20:28 | LMG_SON SABANDIJAS · first_building Castle |
| 21:25 | Kelly271888 · first_market_sell 100 wood |
| 21:27 | Kelly271888 · first_market_buy 100 food |
| 21:54 | LMG_Leonardo · wall_segment Palisade Wall x1 |
| 21:58 | LMG_Leonardo · wall_segment Palisade Wall x1 |
| 22:57 | Sir Ottlas · age_up castle |
| 23:11 | God Of The Sea People · first_building Stable |
| 24:41 | God Of The Sea People · age_up castle |
| 25:00 | Kelly271888 · age_up castle |
| 25:06 | Kelly271888 · first_building Castle |
| 25:47 | God Of The Sea People · first_market_buy 100 food |
| 26:03 | LMG_HERA DE TEMU · first_market_sell 100 food |
| 27:06 | God Of The Sea People · first_market_sell 500 wood |
| 28:21 | God Of The Sea People · first_building Siege Workshop |
| 28:35 | LMG_HERA DE TEMU · wall_segment Stone Wall x1 |
| 28:56 | LMG_HERA DE TEMU · age_up castle |
| 30:01 | Kelly271888 · first_building Siege Workshop |
| 31:22 | LMG_Leonardo · first_market_sell 100 wood |
| 31:26 | LMG_Leonardo · first_market_buy 100 stone |
| 31:58 | LMG_SON SABANDIJAS · first_building Siege Workshop |
| 32:32 | LMG_Leonardo · tribute_sent a jugador 1 |
| 32:32 | LMG_Leonardo · tribute_sent a jugador 2 |
| 32:32 | LMG_Leonardo · tribute_sent a jugador 3 |
| 32:32 | LMG_Leonardo · tribute_sent a jugador 4 |
| 32:32 | LMG_Leonardo · tribute_sent a jugador 5 |
| 32:42 | LMG_Leonardo · tribute_sent a jugador 1 |
| 32:42 | LMG_Leonardo · tribute_sent a jugador 2 |
| 32:42 | LMG_Leonardo · tribute_sent a jugador 3 |
| 32:42 | LMG_Leonardo · tribute_sent a jugador 4 |
| 32:42 | LMG_Leonardo · tribute_sent a jugador 5 |
| 34:03 | LMG_HERA DE TEMU · first_building Castle |
| 34:13 | LMG_SON SABANDIJAS · first_building Monastery |
| 34:30 | Sir Ottlas · first_building Monastery |
| 36:24 | LMG_SON SABANDIJAS · resign |
| 38:22 | God Of The Sea People · first_building Monastery |
| 38:38 | Sir Ottlas · age_up imperial |
[ AI ANALYSIS · 1 CREDIT ]
What really happened in this match?
Wolo.gg analyzes every decision: build order, eco, micro, common mistakes by bracket. Personalized analysis on WhatsApp or Discord in 30 seconds.
Civ guide
Georgians
Perfil
Jugador #12168959